 Dungeon Crawl Stone Soup version 0.20.0-10-g0535bb4 (webtiles) character file.

3234 Deathclocker the Carver (level 9, -1/78 HPs)
             Began as a Minotaur Fighter on June 4, 2017.
             Was a Believer of Okawaru.
             Slain by a two-headed ogre
             ... wielding a +0 dire flail
              (15 damage)
             ... on level 8 of the Dungeon.
             The game lasted 00:13:24 (7338 turns).

Deathclocker the Carver (Minotaur Fighter)          Turns: 7338, Time: 00:13:25

Health: -1/78      AC: 17    Str: 24    XL:     9   Next: 66%
Magic:  8/8        EV:  6    Int:  5    God:    Okawaru [**....]
Gold:   286        SH: 11    Dex: 10    Spells: 8/8 levels left

rFire    . . .     SeeInvis .   a - +0 long sword
rCold    . . .     Gourm    .   c - +0 shield
rNeg     . . .     Faith    .   y - +0 plate armour
rPois    .         Spirit   .   (helmet restricted)
rElec    .         Reflect  .   x - +0 cloak
rCorr    .         Harm     .   p - +1 pair of gloves
MR       .....                  (no boots)
Stlth    ..........             (no amulet)
Regen    0.3/turn               (no ring)
MPRegen  0.2/turn               (no ring)

@: lethally poisoned (-1 -> -5)
A: retaliatory headbutt, horns 2
a: Heroism, Renounce Religion


You were on level 8 of the Dungeon.
You worshipped Okawaru.
Okawaru was pleased with you.
You were not hungry.

You visited 1 branch of the dungeon, and saw 8 of its levels.
You also visited: Sewer.

You collected 361 gold pieces.
You spent 75 gold pieces at shops.

Inventory:

Hand Weapons
 a - a +0 long sword (weapon)
Armour
 b - a +0 scale mail
 c - a +0 shield (worn)
 p - a +1 pair of gloves (worn)
 x - a +0 cloak (worn)
 y - a +0 plate armour (worn)
Jewellery
 F - an uncursed ring of protection from magic {unknown}
Scrolls
 e - 9 scrolls of teleportation {unknown}
 g - 2 scrolls of enchant weapon {unknown}
 j - 3 scrolls of fog {unknown}
 k - a scroll of random uselessness {unknown}
 l - 2 scrolls of amnesia {unknown}
 o - 6 scrolls of identify
 w - 2 scrolls of immolation {unknown}
 D - 2 scrolls of remove curse
 G - a scroll of noise {unknown}
Potions
 d - a potion of berserk rage {unknown}
 i - a potion of brilliance {unknown}
 m - 3 potions of agility {unknown}
 n - 3 potions of cancellation {unknown}
 r - a potion of heal wounds
 s - 4 potions of flight {unknown}
 t - 2 potions of haste {unknown}
 u - a potion of degeneration {unknown}
 v - 3 potions of mutation {unknown}
 z - 4 potions of curing {unknown}
 A - 2 potions of lignification {unknown}
 B - a potion of resistance {unknown}
Comestibles
 f - 6 bread rations
 h - 4 meat rations
 q - 6 royal jellies


   Skills:
 + Level 6.5 Fighting
 * Level 11.7 Long Blades
 + Level 8.0 Armour
 + Level 2.9 Dodging
 + Level 7.1 Shields


You had 8 spell levels left.
You didn't know any spells.

Dungeon Overview and Level Annotations

Branches:
Dungeon (8/15)             Temple (0/1) D:7
   Lair: D:8-11

Altars:
Cheibriados
Elyvilon
Hepliaklqana
Kikubaaqudgha
Makhleb
Nemelex Xobeh
Okawaru
Qazlal
Uskayaw
Vehumet
Xom
Zin
Beogh

Shops:
D:7 =}?[


Innate Abilities, Weirdness & Mutations

You reflexively headbutt those who attack you in melee.
You have a pair of horns on your head.


Message History

You feel much better.
You feel sick.
The two-headed ogre hits you with a dire flail.
You block the two-headed ogre's attack.
You slash the two-headed ogre! You headbutt the two-headed ogre!
The two-headed ogre is severely wounded.
You feel sick.
You hit the two-headed ogre.
The two-headed ogre is severely wounded.
You feel sick. You block the two-headed ogre's attack.
The two-headed ogre hits you with a giant club!
* * * LOW HITPOINT WARNING * * *
You hit the two-headed ogre. You headbutt the two-headed ogre!
The two-headed ogre is almost dead.
You block the two-headed ogre's attack.
The two-headed ogre hits you but does no damage.
You hit the two-headed ogre but do no damage.
The two-headed ogre is almost dead.
You feel sick.
The two-headed ogre hits you with a dire flail!
You die...

######...###### ....#
#.#..........<..##...#
.....................##
#.#.....................
#####.....####.##.##.#
#.###.# #.# # #.# #.#
#.# #.###.# #.# #.@...#
#.< ###O### #.. r.. #.
..... .....# ...?.#
....... ..(..##


You could see a two-headed ogre and a quokka.

Vanquished Creatures
  The ghost of Chiseanne the Chopper, a novice MiMo of Makhleb (D:4)
  2 hippogriffs (D:7)
  2 hornets
  2 orc warriors (D:6)
  A black bear (D:7)
  2 ogres
  2 centaurs (D:7)
  2 big kobolds
  2 bullfrogs
  A scorpion (D:5)
  3 killer bees (D:7)
  3 wights (D:7)
  2 electric eels (D:6)
  3 howler monkeys
  A crimson imp (D:5)
  A hound (D:5)
  2 orc priests
  A quasit (D:8)
  A gnoll shaman (D:6)
  2 iguanas (D:6)
  6 orc wizards
  3 worker ants
  A killer bee zombie (D:7)
  3 gnolls (D:6)
  7 adders
  3 river rats
  A shadow imp (D:7)
  An adder zombie (D:7)
  A worm (D:4)
  5 dart slugs
  5 leopard geckos
  37 orcs
  6 giant cockroaches
  8 goblins
  6 hobgoblins
  11 jackals
  20 kobolds
  5 quokkas
  A ball python (D:4)
  7 bats
  5 frilled lizards
  A giant cockroach zombie (D:5)
  11 rats
190 creatures vanquished.

Vanquished Creatures (others)
  A human (D:2)
1 creature vanquished.

Grand Total: 191 creatures vanquished

Notes
Turn   | Place    | Note
-------+----------+-------------------------------------------
     0 | D:1      | Deathclocker the Minotaur Fighter began the quest for the Orb.
     0 | D:1      | Reached XP level 1. HP: 19/19 MP: 0/0
   218 | D:1      | Reached XP level 2. HP: 27/27 MP: 1/1
   318 | D:1      | Reached skill level 3 in Long Blades
   665 | D:2      | Reached XP level 3. HP: 33/33 MP: 2/2
  1117 | D:2      | Found an ancient bone altar of Kikubaaqudgha.
  1118 | D:2      | Noticed a human
  1121 | D:2      | Killed a human
  1311 | D:2      | Found a hide-covered altar of Uskayaw.
  1311 | D:2      | Found a white marble altar of Elyvilon.
  1449 | D:3      | Reached skill level 4 in Long Blades
  1449 | D:3      | Reached XP level 4. HP: 40/40 MP: 3/3
  2126 | D:4      | Found a glowing drain.
  2290 | Sewer    | Entered a sewer
  2295 | Sewer    | Reached XP level 5. HP: 44/46 MP: 4/4
  2422 | Sewer    | Reached skill level 5 in Long Blades
  2477 | Sewer    | Found a white marble altar of Elyvilon.
  2559 | D:4      | Found a glowing silver altar of Zin.
  2559 | D:4      | Found a hazy altar of Hepliaklqana.
  2559 | D:4      | Found a shimmering altar of Xom.
  2697 | D:4      | Found a stormy altar of Qazlal.
  2737 | D:4      | Reached skill level 1 in Dodging
  2863 | D:4      | Reached XP level 6. HP: 4/53 MP: 5/5
  3297 | D:4      | Noticed Chiseanne's ghost (novice MiMo)
  3387 | D:4      | Killed Chiseanne's ghost
  3387 | D:4      | Reached skill level 7 in Long Blades
  3387 | D:4      | Reached skill level 5 in Armour
  3387 | D:4      | Reached XP level 7. HP: 41/60 MP: 6/6
  3556 | D:4      | Reached skill level 5 in Shields
  3641 | D:5      | Entered Level 5 of the Dungeon
  3790 | D:5      | Found a sparkling altar of Nemelex Xobeh.
  3790 | D:5      | Found an iron altar of Okawaru.
  3801 | D:5      | Became a worshipper of Warmaster Okawaru
  4023 | D:5      | Found a radiant altar of Vehumet.
  4606 | D:6      | Found a runed door.
  4702 | D:6      | Reached skill level 8 in Long Blades
  4771 | D:6      | Reached XP level 8. HP: 67/67 MP: 7/7
  4827 | D:6      | Reached skill level 5 in Fighting
  4831 | D:6      | Reached skill level 9 in Long Blades
  5195 | D:6      | Found a roughly hewn altar of Beogh.
  5691 | D:6      | Found a snail-covered altar of Cheibriados.
  5709 | D:6      | Reached * piety under Okawaru
  5805 | D:7      | Noticed a hippogriff
  5822 | D:7      | Killed a hippogriff
  5822 | D:7      | Reached skill level 10 in Long Blades
  5917 | D:7      | Noticed a hornet
  5928 | D:7      | Killed a hornet
  5928 | D:7      | Reached XP level 9. HP: 43/75 MP: 8/8
  5935 | D:7      | Reached ** piety under Okawaru
  6135 | D:7      | Found Doulaq's Antique Armour Boutique.
  6417 | D:7      | Found Nagehu's Magic Scroll Shoppe.
  6420 | D:7      | Reached skill level 11 in Long Blades
  6430 | D:7      | Bought a scroll of remove curse for 45 gold pieces
  6430 | D:7      | Bought a scroll of identify for 30 gold pieces
  6475 | D:7      | Found Munom's Jewellery Shop.
  6548 | D:7      | Found Xaipsiguko's Gadget Emporium.
  6818 | D:7      | Found a burning altar of Makhleb.
  7024 | D:7      | Found a staircase to the Ecumenical Temple.
  7315 | D:8      | Noticed a two-headed ogre
  7338 | D:8      | Slain by a two-headed ogre

Skill      XL: |  1  2  3  4  5  6  7  8  9 |
---------------+----------------------------+-----
Long Blades    | 3 4 5 7 8 10 11 | 11.7
Armour         | 4 5 6 7 8 |  8.0
Shields        | 4 5 6 7 |  7.1
Fighting       | 4 6 |  6.5
Dodging        | 1 2 |  2.9

Action                   |  1- 3 |  4- 6 |  7- 9 || total
-------------------------+-------+-------+-------++-------
Melee: Long sword        |    77 |   157 |   390 ||   624
       Headbutt          |     9 |    15 |    80 ||   104
  Use: Potion            |       |     1 |     3 ||     4
  Eat: Chunk             |       |     8 |     9 ||    17
       Fruit             |       |       |     2 ||     2
       Bread ration      |       |       |     1 ||     1
Armor: Scale mail        |    29 |    80 |     8 ||   117
       Plate armour      |       |       |   195 ||   195
Dodge: Dodged            |    26 |    47 |    53 ||   126
Block: Shield            |    44 |    88 |   167 ||   299
       Rpst.: Long sword |    11 |    13 |    15 ||    39
